 Dungeon Crawl Stone Soup version 0.13.0-29-gdb529de (webtiles) character file.

2751 Holgar the Basher (level 9, -1/72 HPs)
             Began as a Minotaur Fighter on Nov 2, 2013.
             Was an Initiate of the Shining One.
             Incinerated by a flaming corpse (3 damage)
             ... on Level 8 of the Dungeon on Nov 12, 2013.
             The game lasted 00:38:02 (5605 turns).

Holgar the Basher (Minotaur Fighter)                Turns: 5605, Time: 00:38:02

HP  -1/72        AC 15     Str 22      XL: 9   Next: 19%
MP   0/3         EV 11     Int  6      God: the Shining One [......]
Gold 417         SH  0     Dex 11      Spells:  2 memorised,  5 levels left

Res.Fire  : x . .   See Invis. : .   C - +0,+1 great mace
Res.Cold  : + + .   Warding    : .   B - +0 ice dragon armour
Life Prot.: . . .   Conserve   : .   (no shield)
Res.Poison: .       Res.Corr.  : .   a - +2 wizard hat
Res.Elec. : .       Clarity    : .   (no cloak)
Sust.Abil.: + .     Spirit.Shd : +   f - +0 pair of gloves
Res.Mut.  : .       Stasis     : .   (no boots)
Res.Rott. : .       Flight     : .   k - amulet of guardian spirit
Saprovore : . . .                    x - +2 ring of evasion
                                     u - ring of sustain abilities

@: liquid flames, glowing, slightly resistant to hostile enchantments, extremely
unstealthy
A: retaliatory headbutt, horns 2
a: Renounce Religion


You were on level 8 of the Dungeon.
You worshipped the Shining One. the Shining One was noncommittal.
You were hungry.

You visited 2 branches of the dungeon, and saw 9 of its levels.

You collected 397 gold pieces.

Inventory:

Hand weapons
 r - a +0,+0 flail
 C - a +0,+1 great mace (weapon)
Armour
 a - a +2 wizard hat (worn)
 c - a +0 shield
 f - a +0 pair of gloves (worn)
 B - a +0 ice dragon armour (worn)
 J - a +0 orcish plate armour
Magical devices
 s - a wand of frost (11)
 t - a wand of teleportation (2) {unknown}
 E - a wand of enslavement (16) {unknown}
 H - a wand of frost (11)
Comestibles
 d - 5 bread rations
 L - a meat ration
Scrolls
 h - 2 scrolls of blinking
 m - 2 scrolls of teleportation
 q - a scroll of remove curse
 A - 2 scrolls of enchant weapon II
 N - a scroll of magic mapping
Jewellery
 b - a cursed -2 ring of strength
 k - an amulet of guardian spirit (around neck)
 u - a ring of sustain abilities (left hand)
 x - a +2 ring of evasion (right hand)
 y - an uncursed ring of see invisible {unknown}
 G - an uncursed amulet of conservation
 K - an uncursed ring of positive energy {unknown}
 P - a cursed -2 ring of strength
Potions
 e - 3 potions of restore abilities
 i - 2 potions of heal wounds
 j - 2 potions of speed {unknown}
 l - a potion of cure mutation {unknown}
 n - 6 potions of curing
 o - a potion of mutation {unknown}
 v - a potion of slowing {unknown}
 w - 2 potions of brilliance {unknown}
 z - a potion of might {unknown}
 D - a potion of poison {unknown}
 F - a potion of magic {unknown}
 I - a potion of degeneration {unknown}
Books
 M - a book of Spatial Translocations

   Spells                             Type                      Level
   *Apportation                       Translocation                1
   Portal Projectile                  Translocation                2
   Blink                              Translocation                2
   *Shroud of Golubria                Charms/Translocation         2
   Teleport Other                     Translocation                3
   Passage of Golubria                Translocation                4


   Skills:
 - Level 3.8 Fighting
 - Level 11.5 Maces & Flails
 * Level 8.6 Armour
   Level 3.7 Shields
 + Level 1.0 Charms
 + Level 2.3 Translocations


You had 5 spell levels left.
You knew the following spells:

 Your Spells              Type           Power        Failure   Level  Hunger
a - Apportation           Tloc           #.........   41%         1    ##.....
b - Shroud of Golubria    Chrm/Tloc      #.........   78%         2    ###....


Dungeon Overview and Level Annotations

Branches:
Dungeon (8/27)             Temple (1/1) D:5
    Orc: D:6-11        Lair: D:8-13

Altars:
Ashenzari
Cheibriados
Elyvilon
Fedhas
Kikubaaqudgha
Makhleb
Nemelex Xobeh
Okawaru
Sif Muna
Trog
Vehumet
Xom
Zin
the Shining One

Shops:
D:5 =


Innate Abilities, Weirdness & Mutations

You reflexively headbutt those who attack you in melee.
You have a pair of horns on your head.


Message History

You sock the flaming corpse!
The flaming corpse is moderately damaged.
You are covered in liquid flames!
The flaming corpse hits you.
The hungry ghost hits you but does no damage.
The flaming corpse hits you!
You are covered in liquid flames.
You are covered in liquid flames!
You are covered in liquid flames!
One of your 3 scrolls of teleportation catches fire!
Your scroll of random uselessness catches fire!
You see here a bread ration.
You are covered in liquid flames!
* * * LOW HITPOINT WARNING * * *
A fire bat comes into view.
You are covered in liquid flames!
* * * LOW HITPOINT WARNING * * *
You are covered in liquid flames!
Your scroll of curse weapon catches fire!
* * * LOW HITPOINT WARNING * * *
You die...

#)########'....
#.###)#........>.#
#......<.........#
..................#
####.###.........##
#.# #......%..# ...
#.....>.zp# ##
##.######.# #.##
#@# ..........#
##########


You could see a flaming corpse and a hungry ghost.

Vanquished Creatures
  3 orc warriors
  A sky beast (D:8)
  5 ogres
  A centaur (D:6)
  3 giant frogs
  5 wights (D:7)
  A goliath beetle (D:7)
  A centaur skeleton (D:7)
  2 crimson imps
  4 hounds
  A black bear zombie (D:5)
  A jelly (D:5)
  5 orc wizards
  2 giant frog skeletons
  2 iguanas
  2 orc priests
  4 worker ants
  An ogre zombie (D:5)
  Ijyb (D:2)
  A sky beast zombie (D:6)
  An ogre skeleton (D:7)
  4 gnolls (D:6)
  7 adders
  2 giant mites
  3 worms
  3 oozes
  17 orcs
  5 bats
  3 giant cockroaches
  14 hobgoblins
  11 jackals
  2 quokkas
  A ball python (D:5)
  4 giant geckos
  6 giant newts
  2 giant newt skeletons (D:4)
  17 goblins
  10 kobolds
  A kobold zombie (D:7)
  29 rats
188 creatures vanquished.

Notes
Turn   | Place    | Note
--------------------------------------------------------------
     0 | D:1      | Holgar, the Minotaur Fighter, began the quest for the Orb.
     0 | D:1      | Reached XP level 1. HP: 19/19 MP: 0/0
   151 | D:1      | Reached skill level 4 in Armour
   256 | D:1      | Reached XP level 2. HP: 21/26 MP: 0/0
   547 | D:1      | Reached XP level 3. HP: 33/33 MP: 1/1
   548 | D:1      | Upgraded the game from 0.13.0-27-gc65393c to 0.13.0-29-gdb529de
   960 | D:2      | Noticed Ijyb
   965 | D:2      | Killed Ijyb
   996 | D:2      | Reached XP level 4. HP: 37/39 MP: 1/1
  1048 | D:2      | Reached skill level 5 in Maces & Flails
  1425 | D:3      | Found a shattered altar of Ashenzari.
  2265 | D:4      | Reached XP level 5. HP: 46/46 MP: 1/1
  2280 | D:4      | Reached skill level 6 in Maces & Flails
  2354 | D:4      | Reached skill level 7 in Maces & Flails
  2451 | D:4      | Reached XP level 6. HP: 42/52 MP: 2/2
  2555 | D:4      | Noticed an ogre
  2559 | D:4      | Killed an ogre
  2559 | D:4      | Reached skill level 8 in Maces & Flails
  3102 | D:4      | Found a deep blue altar of Sif Muna.
  3220 | D:5      | Entered Level 5 of the Dungeon
  3349 | D:5      | Found a staircase to the Ecumenical Temple.
  3358 | Temple   | Entered the Ecumenical Temple
  3448 | Temple   | Became a worshipper of Makhleb the Destroyer
  3535 | D:5      | Found a bloodstained altar of Trog.
  3539 | D:5      | Found an iron altar of Okawaru.
  3540 | D:5      | Found a white marble altar of Elyvilon.
  3540 | D:5      | Found a blossoming altar of Fedhas.
  3541 | D:5      | Found an ancient bone altar of Kikubaaqudgha.
  3570 | D:5      | Found Qazxief's Jewellery Boutique.
  3612 | D:5      | Reached skill level 9 in Maces & Flails
  3612 | D:5      | Reached XP level 7. HP: 55/59 MP: 2/2
  3933 | D:5      | Reached skill level 10 in Maces & Flails
  4004 | D:6      | Acquired Makhleb's first power
  4289 | D:6      | Reached skill level 11 in Maces & Flails
  4289 | D:6      | Reached XP level 8. HP: 55/66 MP: 1/2
  4615 | D:6      | Reached skill level 5 in Armour
  4652 | D:6      | Acquired Makhleb's second power
  4855 | D:6      | Learned a level 1 spell: Apportation
  4907 | D:6      | Found a glowing golden altar of the Shining One.
  4927 | D:6      | Fell from the grace of Makhleb
  4927 | D:6      | Became a worshipper of the Shining One
  5100 | D:7      | Reached skill level 1 in Translocations
  5306 | D:7      | Reached XP level 9. HP: 67/72 MP: 3/3
  5331 | D:7      | Learned a level 2 spell: Shroud of Golubria
  5577 | D:8      | Reached skill level 1 in Charms
  5597 | D:8      | Noticed a flaming corpse
  5605 | D:8      | HP: 2/72 [burnt (8)]
  5605 | D:8      | Incinerated by a flaming corpse

Action                   |  1- 3 |  4- 6 |  7- 9 || total
-------------------------+-------+-------+-------++-------
Melee: Mace              |    92 |       |       ||    92
       Flail             |    10 |   149 |       ||   159
       Great mace        |       |    44 |   205 ||   249
Evoke: Wand              |       |     1 |       ||     1
  Use: Scroll            |       |    17 |     4 ||    21
